 Dungeon Crawl Stone Soup version 0.24.1-14-gf8d2b509d9 (webtiles) character file.

Game seed: 3692441523094296398, levelgen mode: deterministic

42364 sahdkjhfkaj the Grappler (level 13, 0/127 HPs)
             Began as a Troll Wanderer on Sept 26, 2020.
             Was an Elder of the Shining One.
             Slain by a spiny frog (20 damage)
             ... on level 6 of the Lair of Beasts on Sept 27, 2020.
             The game lasted 00:34:45 (18574 turns).

sahdkjhfkaj the Grappler (Troll Wanderer)          Turns: 18574, Time: 00:34:46

Health: 0/127      AC:  8    Str: 26    XL:     13   Next: 85%
Magic:  19/19      EV: 12    Int:  9    God:    the Shining One [****..]
Gold:   1266       SH: 14    Dex:  9    Spells: 13/14 levels left

rFire    + + .     SeeInvis .     - Unarmed
rCold    + . .     Gourm    +   d - +0 shield
rNeg     + + +     Faith    .   j - +2 robe {MR+}
rPois    .         Spirit   .   k - +0 hat
rElec    .         Reflect  +   s - scarf {rC+ rF+}
rCorr    .         Harm     .   (gloves unavailable)
MR       +....                  (boots unavailable)
Stlth    +.........             n - +3 amulet of reflection
HPRegen  0.71/turn              H - ring of protection from fire
MPRegen  0.16/turn              r - ring of positive energy

@: about to teleport, glowing
A: large, unfitting armour, claws 3, fast metabolism 3, gourmand, regeneration
1, shaggy fur 1, tough skin 3
a: Divine Shield, Cleansing Flame, Renounce Religion


You were on level 6 of the Lair of Beasts.
You worshipped the Shining One.
The Shining One was greatly pleased with you.
You were hungry.

You visited 2 branches of the dungeon, and saw 19 of its levels.
You also visited: Ice Cave.

You collected 1266 gold pieces.

Inventory:

Missiles
 a - 21 large rocks (quivered)
 e - 491 stones
 h - 2 silver javelins
Armour
 d - a +0 shield (worn)
 j - a +2 robe of magic resistance (worn)
 k - a +0 hat (worn)
 s - a scarf of resistance (worn)
Jewellery
 c - an uncursed ring of wizardry
 n - a +3 amulet of reflection (around neck)
 r - a ring of positive energy (right claw)
 w - an uncursed ring of protection from cold
 H - a ring of protection from fire (left claw)
 I - a +5 ring of intelligence
 J - an uncursed ring of ice
 O - an uncursed ring of wizardry
Wands
 i - a wand of iceblast (8)
 m - a wand of scattershot (3)
 x - a wand of paralysis (16)
 D - a wand of flame (30)
 G - a wand of digging (7)
Scrolls
 b - 6 scrolls of remove curse
 g - 4 scrolls of enchant weapon
 l - 2 scrolls of magic mapping
 t - 4 scrolls of teleportation
 u - a scroll of immolation
 v - 4 scrolls of enchant armour
 y - 3 scrolls of amnesia
 C - 2 scrolls of fog
 F - a scroll of torment
 K - 2 scrolls of vulnerability
 N - 6 scrolls of identify
 Q - a scroll of summoning
Potions
 o - 2 potions of might
 p - 4 potions of flight
 q - 3 potions of invisibility
 z - 2 potions of haste
 A - a potion of lignification
 B - a potion of cancellation
 E - 5 potions of mutation
 L - a potion of heal wounds
 P - a potion of curing
Miscellaneous
 M - a phantom mirror
Comestibles
 f - 17 rations


   Skills:
 - Level 8.0 Fighting
   Level 1.0 Axes
 - Level 8.0 Armour
 - Level 8.0 Dodging
 - Level 8.0 Shields
 - Level 10.0 Unarmed Combat
 - Level 1.0 Spellcasting
   Level 1.3 Fire Magic
 - Level 1.7 Earth Magic
 + Level 9.6 Invocations
 - Level 5.0 Evocations


You had 13 spell levels left.
You knew the following spells:

 Your Spells              Type           Power        Failure   Level  Hunger
a - Sandblast             Erth           #.....       22%         1    ##.....

Your spell library contained the following spells:

 Spells                   Type           Power        Failure   Level  Hunger
 Animate Skeleton         Necr           N/A          41%         1    ##.....
 Apportation              Tloc           #.....       41%         1    ##.....
 Confusing Touch          Hex            #.....       41%         1    ##.....
 Pain                     Necr           #...         41%         1    ##.....
 Shock                    Conj/Air       #...         41%         1    ##.....
 Summon Small Mammal      Summ           #...         41%         1    ##.....
 Swiftness                Chrm/Air       #.......     56%         2    ###....
 Stone Arrow              Conj/Erth      #.....       67%         3    ####...
 Regeneration             Chrm/Necr      #.........   80%         3    ####...
 Static Discharge         Conj/Air       #.......     80%         3    ####...
 Vampiric Draining        Necr           #.........   80%         3    ####...
 Airstrike                Air            #.........   99%         4    #####..
 Animate Dead             Necr           N/A          99%         4    #####..
 Lightning Bolt           Conj/Air       #.........   100%        5    ######.


Dungeon Overview and Level Annotations

Branches:
Dungeon (13/15)            Temple (0/1) D:5            Lair (6/6) D:10
 Shoals (0/4) Lair:4        Snake (0/4) Lair:2        IceCv (visited)
  Slime: Lair:5-6       Orc: D:9-12      Vaults: D:13-14

Altars:
Ashenzari
Cheibriados
Elyvilon
Nemelex Xobeh
Ru
Trog
Yredelemnul
Zin
The Shining One

Annotations:
Lair:2 exclusion: door
Lair:5 exclusion: 3 oklob plants


Innate Abilities, Weirdness & Mutations

You are too large for most types of armour.
You have claws for hands.
Your metabolism is lightning-fast.
You like to eat raw meat.
Your natural rate of healing is unusually fast.
You are covered in fur. (AC +1)
You have extremely tough skin. (AC +3)


Message History

The spiny frog stings you!
* * * LOW HITPOINT WARNING * * *
You are poisoned.
The spiny frog poisons you!
Unknown command.
As you read the scroll of teleportation, it crumbles to dust.
You feel strangely unstable.
You feel sick. The spiny frog closely misses you. The water moccasin bites you.
* * * LOW HITPOINT WARNING * * *
You block the spiny frog's attack. x2; The water moccasin bites you.
* * * LOW HITPOINT WARNING * * *
You are lethally poisoned!
The water moccasin poisons you!
Unknown command.
Unknown command.
Unknown command.
Unknown command.
You feel better.
The water moccasin bites something!
The spiny frog stings you!!
You die...

... ≈≈≈≈≈# ..##≈#≈≈
#≈.#≈.#######.
#.†≈≈≈≈≈≈≈≈≈P≈
##≈≈≈≈≈≈≈≈≈≈≈≈≈≈PP≈≈
#≈..#P≈##≈≈.#≈≈.#≈≈#
##≈l#PP..P≈.#≈≈..≈≈##≈
#P≈SF≈F.≈≈≈≈.≈≈.≈≈≈≈.≈
##P#S@.#..............
######.........P.P...
#.#.....<....PP.#
♣#........†..##
♣..♣♣........#
♣♣≈≈♣....<..##
♣.♣♣♣♣...### ♣≈P ♣♣.##
♣.P♣ ♣♣#


You could see a komodo dragon, 2 spiny frogs and 2 water moccasins.

Vanquished Creatures
  A frost giant (IceCv)
  Josephine (Lair:4)
  3 hydras
  2 two-headed ogres (D:8)
  7 death yaks
  Nergalle (Lair:4)
  A lindwurm (Lair:5)
  2 cyclopes
  A manticore (Lair:6)
  5 elephants (Lair:3)
  Maurice (D:8)
  An ice statue (IceCv)
  A merfolk siren (Lair:4)
  10 spiny frogs
  4 black mambas
  5 komodo dragons
  3 rime drakes
  A troll (D:10)
  16 polar bears (IceCv)
  A queen bee (Lair:5)
  3 meliai (Lair:5)
  5 dream sheep (Lair:5)
  6 blink frogs
  4 hippogriffs
  A shadow (D:9)
  A wyvern (Lair:6)
  4 wraiths
  3 basilisks
  24 yaks
  2 hungry ghosts
  3 wargs (D:10)
  8 water moccasins
  2 ice beasts
  8 porcupines
  A sky beast (D:9)
  An orc warrior (D:6)
  3 phantoms
  A necrophage (D:6)
  An eye of draining (D:13)
  An ogre (D:6)
  A centaur (D:9)
  27 wolves
  9 crocodiles
  A big kobold (D:7)
  Blork the orc (D:4)
  11 bullfrogs
  3 scorpions
  A water moccasin skeleton (D:5)
  19 killer bees
  3 howler monkeys
  4 wights (D:7)
  4 electric eels (D:9)
  2 crimson imps (D:10)
  4 hounds
  5 orc priests
  3 jellies
  An orc wizard (D:10)
  2 bullfrog skeletons
  3 centaur skeletons
  4 iguanas
  9 worker ants
  A hound zombie (D:9)
  2 hound skeletons
  10 gnolls
  A howler monkey skeleton (D:4)
  14 adders
  2 shadow imps
  An adder skeleton (D:3)
  5 worms
  4 dart slugs
  3 leopard geckos
  24 orcs
  7 bats
  3 giant cockroaches
  4 goblins
  13 hobgoblins
  5 quokkas
  A ball python (D:3)
  7 frilled lizards
  A jackal skeleton (D:5)
  15 kobolds
  A quokka skeleton (D:9)
  17 rats
  A fungus (Lair:1)
  2 plants (Lair:1)
410 creatures vanquished.

Vanquished Creatures (others)
  2 fungi
  3 plants
5 creatures vanquished.

Grand Total: 415 creatures vanquished

Notes
Turn   | Place    | Note
-------+----------+-------------------------------------------
     0 | D:1      | sahdkjhfkaj the Troll Wanderer began the quest for the Orb.
     0 | D:1      | sahdkjhfkaj set off with the following items: a +0 club, a
                  | +0 robe, a +0 shield, 2 rations; and the following spell
                  | memorised: Sandblast; and the following spells available to
                  | memorise: Stone Arrow
     0 | D:1      | Reached XP level 1. HP: 16/16 MP: 1/1
   175 | D:1      | Reached skill level 1 in Unarmed Combat
   243 | D:1      | Reached XP level 2. HP: 24/24 MP: 2/2
   301 | D:1      | Reached skill level 2 in Unarmed Combat
   552 | D:1      | Reached skill level 1 in Fighting
   877 | D:2      | Reached XP level 3. HP: 33/33 MP: 3/3
  1204 | D:2      | Reached XP level 4. HP: 42/42 MP: 4/4
  1373 | D:2      | Found a glowing golden altar of the Shining One.
  1542 | D:2      | Became a worshipper of the Shining One
  2081 | D:3      | Reached skill level 1 in Armour
  2136 | D:3      | Noticed a moth of wrath
  2139 | D:3      | Found a bloodstained altar of Trog.
  2571 | D:3      | Reached XP level 5. HP: 49/49 MP: 5/5
  2681 | D:3      | Found a white marble altar of Elyvilon.
  3118 | D:3      | Found a basalt altar of Yredelemnul.
  3223 | D:4      | Reached skill level 3 in Unarmed Combat
  3506 | D:4      | Reached XP level 6. HP: 57/57 MP: 6/6
  3617 | D:4      | Reached skill level 4 in Unarmed Combat
  3756 | D:4      | Noticed Blork the orc
  3770 | D:4      | Killed Blork the orc
  4365 | D:5      | Entered Level 5 of the Dungeon
  4382 | D:5      | Reached * piety under the Shining One
  4386 | D:5      | Reached XP level 7. HP: 49/68 MP: 7/7
  4888 | D:5      | Found a sacrificial altar of Ru.
  5090 | D:5      | Found a staircase to the Ecumenical Temple.
  5190 | D:5      | Reached XP level 8. HP: 78/78 MP: 8/8
  5325 | D:6      | Reached ** piety under the Shining One
  5738 | D:6      | Found a bloodstained altar of Trog.
  5970 | D:6      | Found a snail-covered altar of Cheibriados.
  5991 | D:6      | Found a sparkling altar of Nemelex Xobeh.
  6567 | D:7      | Reached skill level 5 in Unarmed Combat
  6725 | D:7      | Reached skill level 6 in Unarmed Combat
  6794 | D:7      | Reached skill level 1 in Invocations
  6862 | D:7      | Reached XP level 9. HP: 70/84 MP: 9/9
  7226 | D:8      | Noticed Maurice
  7231 | D:8      | Noticed a cyclops
  7436 | D:8      | Noticed a two-headed ogre
  7443 | D:8      | Killed a two-headed ogre
  7443 | D:8      | Reached skill level 5 in Invocations
  7490 | D:8      | Noticed a two-headed ogre
  7500 | D:8      | Killed a two-headed ogre
  7500 | D:8      | Reached skill level 7 in Unarmed Combat
  7509 | D:8      | Reached skill level 8 in Unarmed Combat
  7550 | D:8      | Killed a cyclops
  7629 | D:8      | Reached XP level 10. HP: 94/94 MP: 12/12
  7630 | D:8      | Paralysed by Maurice for 6 turns
  7662 | D:8      | Reached skill level 5 in Fighting
  7673 | D:8      | Killed Maurice
  9040 | D:9      | Reached *** piety under the Shining One
  9050 | D:9      | Noticed a cyclops
  9071 | D:9      | Killed a cyclops
  9239 | D:9      | Found a glowing silver altar of Zin.
  9551 | D:9      | Found a shattered altar of Ashenzari.
  9603 | D:10     | Entered Level 10 of the Dungeon
  9660 | D:10     | Reached skill level 5 in Dodging
  9690 | D:10     | Found a staircase to the Lair.
  9900 | D:10     | You fall into a shaft and drop 3 floors!
  9948 | D:13     | Reached skill level 5 in Armour
  9951 | D:13     | Reached skill level 5 in Shields
  9963 | D:13     | Reached **** piety under the Shining One
 10396 | Lair:1   | Entered Level 1 of the Lair of Beasts
 10396 | Lair:1   | Noticed a black mamba
 10553 | D:10     | Killed a black mamba
 10553 | D:10     | Reached XP level 11. HP: 91/105 MP: 13/13
 10603 | D:10     | Found a staircase to the Lair.
 11454 | Lair:1   | Noticed a six-headed hydra
 11460 | Lair:1   | Killed a six-headed hydra
 12229 | Lair:2   | Found a frozen archway.
 12238 | IceCv    | Entered an ice cave
 12606 | IceCv    | Noticed a death yak
 12617 | IceCv    | Killed a death yak
 12617 | IceCv    | Reached XP level 12. HP: 110/115 MP: 13/17
 12955 | IceCv    | Noticed a death yak
 12967 | IceCv    | Reached skill level 9 in Unarmed Combat
 12975 | IceCv    | Killed a death yak
 13122 | IceCv    | Noticed a frost giant
 13122 | IceCv    | Noticed a death yak
 13135 | IceCv    | Killed a death yak
 13147 | IceCv    | Killed a frost giant
 13176 | IceCv    | HP: 4/118 [polar bear (7)]
 13940 | Lair:2   | Found a staircase to the Snake Pit.
 14319 | Lair:2   | Noticed a four-headed hydra
 14737 | Lair:3   | Noticed a seven-headed hydra
 14751 | Lair:3   | Killed a 12-headed hydra
 15026 | Lair:3   | Reached XP level 13. HP: 127/127 MP: 18/18
 15426 | Lair:3   | Reached skill level 10 in Unarmed Combat
 15685 | Lair:4   | Noticed Josephine
 15692 | Lair:4   | Killed Josephine
 16291 | Lair:4   | Reached skill level 1 in Evocations
 16320 | Lair:4   | Noticed Nergalle
 16335 | Lair:4   | Killed Nergalle
 16649 | Lair:4   | Found a staircase to the Shoals.
 17404 | Lair:5   | Reached skill level 5 in Evocations
 18377 | Lair:6   | Entered Level 6 of the Lair of Beasts
 18574 | Lair:6   | Slain by a spiny frog

Levels and vault maps discovered:
D:1:      saegor_arrival_under_anarchy, layout_loops_ring
D:2:      layout_basic, tso_altar, guppyfry_early_orc_mine
D:3:      layout_loops_ring, kennysheep_ying_yang, tgw_trog,
          serial_co_window_serial, co_window_of_opportunity_a,
          co_window_paths_b, co_window_of_opportunity_a, co_window_cross_1,
          co_window_paths_a, co_window_paths_b, co_window_corner_a,
          co_window_cross_1, co_window_of_opportunity_a, co_window_paths_c,
          co_window_corner_cb, co_window_corner_ca, co_window_corner_b,
          glass_columns_a
D:4:      layout_layer_cave, first_ration, minmay_bisected, uniq_blork_the_orc
D:5:      layout_basic, nicolae_ru_sacrificial_ziggurat,
          minmay_temple_entry_proselytizer, fountainhead
D:6:      layout_layer_cave, lemuel_doored_altar, cheibriados_altar_1,
          trog_three_pillars_becter
D:7:      layout_loops_ring, minmay_strange_pillars,
          chequers_serial_rivers_micro_e
D:8:      layout_basic, uniq_maurice
D:9:      kennysheep_big_flooded_room, layout_basic, zin_scriptorium,
          kennysheep_mini_moat
D:10:     layout_basic, erik_lair_orcish_takeover
D:11:     layout_roguey, david_orc_3, serial_shops, shop_coins,
          hangedman_stone_soup
D:12:     layout_roguey, nicolae_underground_beach
D:13:     layout_basic, gauntlet_entry_generic, serial_shops, shop, uniq_erolcha
Lair:1:   layout_layer_cave, st_stairs_9, cheibrodos_lair_reptile_den,
          grunt_megastairs_2
Lair:2:   cheibrodos_lair_river_kwai, layout_long_grid, dummy_snake_entry,
          portal_ice_cave_entry_pillars_1, chequers_serial_rivers_small_a
Lair:3:   layout_misc_corridors
Lair:4:   layout_cave_pods, minmay_shoals_entry_lonely_mermaid, uniq_josephine,
          uniq_nergalle
Lair:5:   layout_loops_ring, special_room [special_room_bee],
          serial_bayou_shore_b, minmay_lair_oklob_chamber,
          infiniplex_staircase_pool_2
Lair:6:   gammafunk_lair_ancient_temple, layout_gridlike,
          minmay_slime_entry_oklob_enclosed, serial_bayou, serial_bayou_pond_a,
          serial_bayou_lake_a, serial_bayou_crossing

Skill      XL: |  1  2  3  4  5  6  7  8  9 10 11 12 13 |
---------------+----------------------------------------+-----
Unarmed Combat | 1 2 3 4 6 8 9 10 | 10.0
Fighting       | 1 2 3 4 6 7 8 |  8.0
Dodging        | 2 3 4 5 6 7 8 |  8.0
Shields        | 2 4 5 6 7 8 |  8.0
Armour         | 1 2 4 5 6 7 8 |  8.0
Invocations    | 1 5 8 9 |  9.6
Evocations     | 5 |  5.0
Axes           | |  1.0
Spellcasting   | |  1.0
Fire Magic     | |  1.3
Earth Magic    | |  1.7

Action                   |  1- 3 |  4- 6 |  7- 9 | 10-12 | 13-15 || total
-------------------------+-------+-------+-------+-------+-------++-------
Melee: Unarmed           |   143 |   188 |   258 |   678 |   281 ||  1548
Throw: Stone             |     1 |       |       |     9 |       ||    10
       Large rock        |       |       |     5 |    21 |       ||    26
Invok: Divine Shield     |       |       |     1 |     9 |     3 ||    13
       Cleansing Flame   |       |       |       |     3 |     3 ||     6
Evoke: Wand              |       |       |       |    15 |     2 ||    17
  Use: Scroll            |       |     9 |     1 |    15 |     8 ||    33
       Potion            |       |       |       |     5 |     1 ||     6
 Stab: Distracted        |     1 |       |       |       |       ||     1
  Eat: Chunk             |     9 |    16 |    20 |    33 |    22 ||   100
       Ration            |       |     4 |     3 |    11 |     3 ||    21
Armor: Robe              |    60 |    62 |    65 |   123 |    54 ||   364
Dodge: Dodged            |    41 |    39 |    69 |   262 |   102 ||   513
Block: Shield            |    45 |    64 |    94 |   486 |   221 ||   910
